AoeStats
← _Orca_

African Clearing

506596552Analyzed
3v3 RM · 19d ago on Sep 14, 2026· 42m 52s· 6 players
Game mode
Random Map
Map size
Normal (6 player)
Population
200
Speed
Normal
Resources
Standard
Victory
Conquest
Starting age
Dark Age
Ending age
Imperial Age
RankedLock teamsTeams togetherTeam positionsShared explorationLock speedFull tech treeHidden civsTurbo modeCheats
Victory
Defeat
🇲🇴 Berbers · Macao SAR China
1439
+8
🇪🇸 Goths · Spain
1361
+11
🇨🇳 Magyars · China
1344
+13
🇧🇩 Malians · Bangladesh
1295
-12
🇩🇪 Cumans · Germany
1235
-10
🇪🇸 Khmer · Spain
1229
-10
dont help
4:22 Loom
13:06 Feudal Age
14:15 Double-Bit Axe
14:35 Horse Collar
22:19 Castle Age
21:33 Gold Mining
22:43 Scale Barding Armor
22:50 Bloodlines
23:27 Bow Saw
24:13 Gold Shaft Mining
24:57 Wheelbarrow
27:40 Husbandry
30:48 Chain Barding Armor
31:51 Heavy Plow
33:03 Forging
34:22 Hand Cart
40:16 Imperial Age
40:20 Cavalier
41:39 Iron Casting
41:43 Plate Barding Armor
41:44 Iron Casting
pauito79_ator
10:15 Loom
10:53 Loom
13:04 Feudal Age
13:39 Double-Bit Axe
16:03 Wheelbarrow
18:58 Castle Age
17:01 Scale Mail Armor
18:10 Forging
20:02 Chain Mail Armor
21:03 Squires
25:45 Iron Casting
36:23 Horse Collar
37:09 Stone Mining
37:52 Heavy Plow
42:13 Bow Saw
huangtmc
6:24 Loom
14:52 Feudal Age
15:46 Double-Bit Axe
17:34 Scale Barding Armor
19:42 Horse Collar
26:52 Castle Age
24:52 Gold Mining
24:52 Stone Mining
29:23 Wheelbarrow
28:34 Town Watch
29:03 Bow Saw
28:57 Heavy Plow
32:10 Hand Cart
36:56 Imperial Age
35:03 Padded Archer Armor
36:30 Gold Shaft Mining
37:09 Thumb Ring
37:45 Leather Archer Armor
37:20 Fletching
39:20 Parthian Tactics
38:19 Heavy Cavalry Archer
40:14 Two-Man Saw
39:54 Crop Rotation
41:19 Chemistry
40:40 Ballistics
40:27 Recurve Bow
40:48 Conscription
40:31 Treadmill Crane
43:18 Ring Archer Armor
42:44 Bodkin Arrow
Awptical Complex
6:00 Loom
14:32 Feudal Age
15:31 Double-Bit Axe
15:27 Horse Collar
26:12 Castle Age
26:39 Bloodlines
26:53 Scale Barding Armor
30:57 Chain Barding Armor
_Orca_
5:22 Loom
13:25 Feudal Age
15:06 Double-Bit Axe
19:37 Castle Age
17:59 Scale Mail Armor
18:48 Forging
22:08 Bow Saw
21:51 Horse Collar
24:04 Wheelbarrow
26:54 Hand Cart
26:25 Town Watch
29:39 Squires
31:26 Town Watch
33:13 Arson
33:46 Chain Mail Armor
36:23 Iron Casting
43:49 Imperial Age
Barbas_97
7:47 Loom
13:22 Feudal Age
16:58 Castle Age
14:53 Double-Bit Axe
16:34 Bloodlines
16:19 Gold Mining
18:42 Husbandry
Connection lost

Rejoining the realm…

Still unreachable

The connection could not be restored.

Session expired

The server has moved on; the page needs a fresh start.